 Dungeon Crawl Stone Soup version 0.25.0-1-g7eea58d2a3 (webtiles) character file.

Game seed: 4054131846638148389

660931 xccam the Conqueror (level 27, -12/218 HPs)
             Began as a Minotaur Berserker on June 13, 2020.
             Was the Champion of Trog.
             Mangled by an Orb Guardian (24 damage)
             ... while petrified by an ancient lich
             ... on level 5 of the Realm of Zot on June 14, 2020.
             The game lasted 02:16:34 (55321 turns).

xccam the Conqueror (Minotaur Berserker)           Turns: 55321, Time: 02:16:35

Health: -12/218    AC: 46    Str: 34    XL:     27
Magic:  0/26       EV: -1    Int:  5    God:    Trog [******]
Gold:   7347       SH:  0    Dex: 12    Spells: 26/26 levels left

rFire    + + +     SeeInvis +   R - +9 broad axe (elec)
rCold    + + +     Gourm    .   T - +3 tower shield of Brilliance {*Corrode rC+ Dex+2}
rNeg     + + +     Faith    .   z - +7 plate armour {rF+}
rPois    ∞         Spirit   +   J - +3 crown of Dyrovepreva {rElec Int+2 SInv}
rElec    +         Reflect  .   C - +2 cloak {rPois}
rCorr    +         Harm     .   H - +5 pair of gloves of Kikubaaqudgha's Scorn {rN+ MR+ Regen+}
MR       +++..                  G - +0 pair of boots of Understanding {rF++ Str+3}
Stlth    ..........             P - amulet of guardian spirit
HPRegen  0.86/turn              v - ring "Judidump" {rC+ rN+ rCorr Dex-3}
MPRegen  0.20/turn              E - ring "Goumy" {rC+ AC+4 Dex+4}

@: mighty, petrified, berserk cooldown, hasted and slowed, constricted
A: retaliatory headbutt, horns 2, slimy green scales 1, clumsy 1, deformed body,
dopey 1, frail 2, weak 1, no potion heal 1
}: 3/15 runes: serpentine, barnacled, silver
a: Berserk, Trog's Hand, Brothers in Arms, Renounce Religion


You were on level 5 of the Realm of Zot.
You worshipped Trog.
Trog was exalted by your worship.
You were not hungry.

You visited 9 branches of the dungeon, and saw 49 of its levels.
You also visited: Ice Cave, Volcano and Wizlab.

You collected 9276 gold pieces.
You spent 1929 gold pieces at shops.

Inventory:

Hand Weapons
 R - a +9 broad axe of electrocution (weapon)
Armour
 z - a +7 plate armour of fire resistance (worn)
 C - a +2 cloak of poison resistance (worn)
 G - the +0 pair of boots of Understanding (worn) {rF++ Str+3}
   (You acquired it on level 2 of the Depths)

   It affects your strength (+3).
   It greatly protects you from fire.
 H - the +5 pair of gloves of Kikubaaqudgha's Scorn (worn) {rN+ MR+ Regen+}
   (You bought it in a shop on level 2 of the Orcish Mines)

   It protects you from negative energy.
   It affects your resistance to hostile enchantments.
   It increases your rate of regeneration.
 J - the +3 crown of Dyrovepreva (worn) {rElec Int+2 SInv}
   (You found it on level 2 of the Vaults)

   It affects your intelligence (+2).
   It insulates you from electricity.
   It lets you see invisible.
 T - the +3 tower shield of Brilliance (worn) {*Corrode rC+ Dex+2}
   (You found it on level 1 of the Lair of Beasts)

   It affects your dexterity (+2).
   It protects you from cold.
   It may corrode you when you take damage.
Jewellery
 v - the ring "Judidump" (left hand) {rC+ rN+ rCorr Dex-3}
   (You found it on level 3 of the Vaults)

   [ring of resist corrosion]

   It affects your dexterity (-3).
   It protects you from cold.
   It protects you from negative energy.
   It provides partial protection from all sources of acid and corrosion.
 E - the ring "Goumy" (right hand) {rC+ AC+4 Dex+4}
   (You bought it in a shop on level 2 of the Orcish Mines)

   [ring of protection]

   It affects your AC (+4).
   It affects your dexterity (+4).
   It protects you from cold.
 M - an uncursed ring of ice
 P - an amulet of guardian spirit (around neck)
 U - the ring of the Leaf {+Fly Int+7 Dex+2 Stlth+}
   (You found it on level 3 of the Elven Halls)

   [ring of flight]

   It affects your intelligence (+7).
   It affects your dexterity (+2).
   It lets you fly.
   It makes you more stealthy.
 W - an uncursed ring of poison resistance
 Z - an uncursed ring of protection from magic
Wands
 h - a wand of flame (37)
 k - a wand of digging (24)
 m - a wand of paralysis (15)
 w - a wand of iceblast (24)
 y - a wand of acid (28)
 B - a wand of enslavement (6)
 D - a wand of clouds (20)
 N - a wand of random effects (30)
 V - a wand of polymorph (12)
 X - a wand of disintegration (71)
Scrolls
 a - 2 scrolls of blinking
 b - 12 scrolls of identify
 d - 4 scrolls of magic mapping
 g - 10 scrolls of fear
 i - a scroll of enchant weapon
 n - 27 scrolls of teleportation
 p - a scroll of enchant armour
 t - 9 scrolls of fog
 u - 32 scrolls of remove curse
 x - 11 scrolls of immolation
 A - 2 scrolls of silence
 S - 6 scrolls of brand weapon
Potions
 e - 2 potions of magic
 f - 3 potions of flight
 j - 13 potions of mutation
 l - 25 potions of curing
 o - 3 potions of might
 q - 7 potions of lignification
 s - 4 potions of berserk rage
 I - 2 potions of haste
 Q - 3 potions of cancellation
 Y - 6 potions of heal wounds
Miscellaneous
 F - a phantom mirror
Comestibles
 c - 88 rations


   Skills:
 O Level 27 Fighting
 + Level 22.0 Axes
 + Level 26.7 Armour
 + Level 24.9 Dodging
 - Level 25.0 Shields
 - Level 6.0 Evocations


You had 26 spell levels left.
You didn't know any spells.
Your spell library was empty.

Dungeon Overview and Level Annotations

Branches:
Dungeon (15/15)            Temple (0/1) D:6            Lair (6/6) D:11
 Shoals (4/4) Lair:3        Snake (4/4) Lair:2        Slime (0/5) Lair:6
    Orc (2/2) D:10            Elf (3/3) Orc:2        Vaults (5/5) D:13
  Crypt (0/3) Vaults:3     Depths (5/5) D:15            Zot (5/5) Depths:5
  IceCv (visited)         Volcano (visited)          WizLab (visited)

Altars:
Ashenzari
Cheibriados
Dithmenos
Elyvilon
Makhleb
Qazlal
Sif Muna
Uskayaw
Vehumet
Zin
Beogh
Jiyva

Shops:
D:6 ([[(   Orc:2 *=([   Elf:2 !([*   Shoals:2 [   Vaults:1 *   Vaults:4 (
Depths:1 %:

Portals:
Hell: Depths:1 Depths:2 Depths:3 Depths:4 Depths:5
Abyss: Depths:1 Depths:2 Depths:4
Pandemonium: Depths:1 Depths:3
Ziggurat: Depths:3
Trove: Elf:3 (give horn of Geryon)

Annotations:
Zot:2 2 transporters, Jofris Vesimp's ghost, legendary GnFE


Innate Abilities, Weirdness & Mutations

You reflexively headbutt those who attack you in melee.
You have a pair of horns on your head.
You are partially covered in slimy green scales. (AC +2)
You are clumsy. (Dex -2)
Armour fits poorly on your strangely shaped body.
You are dopey. (Int -2)
You are very frail. (-20% HP)
You are weak. (Str -2)
Potions are less effective at restoring your health.


Message History

* * * LOW HITPOINT WARNING * * *
The Killer Klown blinks! x2
The ghost moth stares at you.
The tentacled monstrosity tentacle-slaps you but does no damage. x3
The tentacled monstrosity constricts you.
The ancient lich touches you but does no damage.
The Orb Guardian hits you!
* * * LOW HITPOINT WARNING * * *
The purple draconian hits you but does no damage.
The Orb Guardian hits you but does no damage.
The Orb Guardian hits you!!
* * * LOW HITPOINT WARNING * * *
The ancient lich points at you and mumbles some strange words.
You resist with some effort. The ghost moth stares at you.
The Orb Guardian hits you but does no damage.
The tentacled monstrosity tentacle-slaps you but does no damage. x3
The tentacled monstrosity constricts you.
The Orb Guardian hits you!!!
You die...

#.............# **,,,,,,,,,,,,,,
##...........## *,,,,,,,,,,,,,,,
#...........# *,,,,,,,,,^,,,,,
##......^..p[## *,,,^,,,,,,,,,,,
#.............# *,,,,,,,,,,,,,,,
#........§..8.## *,,,,,^,,,,,,,,,
..........§....##*,,,,,,,,,,,,,,,
..###########..X###,,,,,,,,^,,,,^
.## ##pX@d#*y§y,,,,,,,,,, ##
###LXXdy...,,,,,,,,,
#▓▓▓▓▓▓▓▓*****,,,,
****,,,,,,,,,,,,, *
***,,,,,,,,,,,,,,,, **
**,,,,,,,,,,,,,,,,,, ,* *********
*,,,,,,,,,,,,,,,,,,,
,***^,,,,,,***,,,,,,,,^,,,,,,,,,,
,**,,,,,,,,,**,,,,,,,,,,,,,,,,,,,


You could see 2 Killer Klowns, an electric golem, a tentacled monstrosity, an
ancient lich (fast), a black draconian (berserk), a purple draconian, 3 Orb
Guardians and a ghost moth (invisible).

Vanquished Creatures
  13 ancient liches
  3 orbs of fire (Zot:5)
  Mara (Elf:3)
  Mennas (Depths:4)
  A Killer Klown (Zot:5)
  Xtahua (Depths:5)
  Margery (Depths:4)
  Bai Suzhen (Vaults:5)
  Saint Roka (Orc:2)
  A curse toe (Zot:4)
  12 golden dragons
  A bone dragon (Vaults:3)
  2 electric golems (Zot:1)
  Jorgrun (D:14)
  31 tentacled monstrosities
  3 liches
  6 quicksilver dragons
  14 Orb Guardians (Zot:5)
  Asterion (Elf:2)
  4 titans
  2 deep elf blademasters
  2 krakens
  An eldritch tentacle (WizLab)
  16 death cobs
  Kirke (Lair:5)
  Agnes (Snake:2)
  3 sphinxes (Vaults:5)
  5 tengu reavers
  Roxanne (Elf:2)
  27 storm dragons
  8 shadow dragons
  14 nagarajas
  13 draconian monks
  13 fire giants
  16 frost giants
  9 vault wardens
  An emperor scorpion (D:15)
  Louise (D:14)
  8 draconian knights
  2 iron dragons
  2 ghost moths
  6 draconian shifters
  4 draconian stormcallers
  8 deep elf sorcerers
  A cacodemon (WizLab)
  3 draconian scorchers
  2 ghouls (D:13)
  31 very ugly things
  6 deep elf elementalists
  2 entropy weavers (Vaults:4)
  A war gargoyle (Vaults:5)
  16 ironheart preservers
  12 draconian annihilators
  14 stone giants
  A vampire knight (Depths:3)
  8 green draconians
  9 red draconians
  11 yellow draconians
  12 black draconians
  2 dire elephants
  8 deep elf demonologists
  16 purple draconians
  3 deep elf annihilators (Elf:3)
  3 minotaurs (Depths:4)
  3 white draconians
  6 spark wasps
  21 ettins
  A merfolk javelineer (Shoals:4)
  5 deep elf death magi (Elf:3)
  5 deep elf high priests
  12 yaktaur captains
  7 great orbs of eyes
  7 merfolk impalers
  14 fire dragons
  11 naga warriors
  17 ogre magi
  A hydra (shapeshifter) (Depths:2)
  Erolcha (D:9)
  17 ice dragons
  28 vault guards
  8 hydras
  3 spriggan air magi
  4 catoblepae
  8 anacondas (Snake:4)
  8 centaur warriors
  7 rakshasas
  2 death knights
  5 merfolk avatars
  2 merfolk aquamancers
  41 two-headed ogres
  4 death yaks
  10 tengu warriors
  3 vampire magi
  12 deep troll shamans
  A thrashing horror (WizLab)
  A death yak (shapeshifter) (Vaults:5)
  31 dancing weapons
  3 spriggan berserkers
  Urug (Orc:2)
  8 deep troll earth magi
  12 naga sharpshooters
  6 shock serpents
  5 hell knights
  Nergalle (Lair:3)
  18 deep elf knights
  2 iron trolls (Depths:3)
  22 sea snakes
  A salamander mystic (Snake:3)
  2 unseen horrors
  A shadow wraith (WizLab)
  5 death drakes (Depths:5)
  6 flayed ghosts
  29 deep trolls
  5 glowing orange brains
  17 skeletal warriors
  A glowing orange brain (shapeshifter) (Vaults:5)
  8 wizards
  5 naga ritualists
  An orange crystal statue (Depths:1)
  An obsidian statue (WizLab)
  A sphinx zombie (Vaults:4)
  4 lindwurms
  20 deep elf archers
  A harpy (shapeshifter) (Vaults:4)
  6 phantasmal warriors
  A lindwurm (shapeshifter) (Vaults:5)
  Pikel (D:5)
  18 orc knights
  13 ironbrand convokers
  2 necromancers
  3 oklob plants (Lair:1)
  An anaconda skeleton (WizLab)
  36 ugly things
  4 wolf spiders
  10 harpies
  9 mana vipers
  16 manticores
  5 fauns
  3 worldbinders (WizLab)
  2 orc sorcerers
  A frost giant skeleton (Vaults:4)
  53 deep elf magi
  A salamander (shapeshifter) (Vaults:3)
  11 elephants
  7 cyclopes
  12 naga magi
  12 salamanders
  13 merfolk sirens
  2 centaur zombies (D:13)
  27 moths of wrath
  Joseph (D:10)
  15 vault sentinels
  31 black mambas
  Maurice (D:12)
  An ice statue (IceCv)
  2 water nymphs (Shoals:4)
  A smoke demon (WizLab)
  A gargoyle (D:15)
  An eye of devastation (shapeshifter) (Depths:2)
  5 guardian serpents
  10 spiny frogs
  A spiny frog (shapeshifter) (Vaults:1)
  A fire giant skeleton (Vaults:4)
  5 freezing wraiths
  A human zombie (Vaults:4)
  7 komodo dragons
  56 yaktaurs
  A kobold demonologist (D:10)
  A komodo dragon (shapeshifter) (Depths:4)
  A yaktaur (shapeshifter) (Vaults:2)
  2 ancient zymes (WizLab)
  3 rime drakes (Lair:6)
  An ice devil (WizLab)
  25 merfolk
  2 tengu conjurers
  3 guardian mummies (D:13)
  22 polar bears
  13 trolls
  2 hellwings (Depths:1)
  A queen bee (shapeshifter) (Depths:3)
  A jumping spider (shapeshifter) (Vaults:3)
  4 wind drakes
  2 meliai (shapeshifter)
  A jumping spider (Vaults:4)
  6 meliai
  5 hornets
  6 dream sheep (Lair:6)
  2 tengu simulacra
  A raiju (WizLab)
  11 slime creatures
  19 blink frogs
  2 raiju (shapeshifter)
  8 hippogriffs
  10 snapping turtles
  4 air elementals
  Sigmund (D:3)
  A spriggan (Lair:3)
  A vampire (D:11)
  5 wraiths
  6 redbacks (Vaults:4)
  60 yaks
  14 water elementals
  2 fire bats (Depths:1)
  7 wyverns
  A shadow (D:10)
  A hog (shapeshifter) (Vaults:1)
  5 fire elementals
  A golden eye (shapeshifter) (Depths:5)
  3 basilisks
  5 hogs (Lair:5)
  A basilisk (shapeshifter) (Depths:3)
  3 spatial vortices (WizLab)
  Menkaure (D:6)
  53 nagas
  Edmund (D:6)
  2 insubstantial wisps (WizLab)
  A soldier ant (D:13)
  19 porcupines
  11 wargs
  A floating eye (Depths:2)
  3 acid dragons
  9 large abominations
  10 small abominations
  Duvessa (D:7)
  15 water moccasins
  2 slaves (D:5)
  An ettin simulacrum (Vaults:1)
  3 sky beasts
  5 swamp drakes
  3 ice beasts
  3 black bears
  2 necrophages
  38 orc warriors
  4 phantoms
  28 ogres
  An ogre (shapeshifter) (Depths:1)
  17 wolves
  8 boggarts
  22 centaurs
  16 crocodiles
  4 big kobolds
  19 bullfrogs
  3 earth elementals
  An ogre simulacrum (Vaults:1)
  A human skeleton (Vaults:4)
  A wyvern skeleton (D:13)
  2 scorpions
  Dowan (D:7)
  An elf simulacrum (Vaults:2)
  8 killer bees
  8 wights
  An electric eel (D:7)
  A howler monkey (D:5)
  5 crimson imps
  6 jellies
  3 quasits
  2 bullfrog zombies
  6 hounds
  6 centaur skeletons
  25 orc priests
  2 iron imps
  20 orc wizards
  Crazy Yiuf (D:6)
  5 iguanas
  2 bullfrog skeletons
  11 worker ants
  7 hell rats (Lair:4)
  2 hound zombies
  A mummy (D:13)
  2 worker ant zombies
  A howler monkey skeleton (D:4)
  A howler monkey zombie (D:6)
  10 adders
  A gnoll (D:1)
  2 river rats
  5 shadow imps
  12 white imps (D:12)
  9 oozes
  An adder skeleton (D:4)
  5 worms
  2 dart slugs
  6 leopard geckos
  102 orcs
  6 bats
  9 giant cockroaches
  9 goblins
  9 hobgoblins
  A hobgoblin (shapeshifter) (Depths:2)
  17 jackals
  2 quokkas
  3 ball pythons
  A ball python skeleton (D:4)
  5 frilled lizards
  26 kobolds
  A leopard gecko skeleton (D:7)
  A quokka skeleton (D:5)
  A quokka zombie (D:5)
  9 rats
  2 crawling corpses
  8 fungi
  8 plants
  8 tentacles
2321 creatures vanquished.

Vanquished Creatures (others)
  A draconian annihilator (Zot:3)
  A red draconian (Zot:1)
  An ice dragon (Depths:3)
  An ogre mage (Vaults:2)
  A moth of wrath (Zot:3)
  2 polar bears (IceCv)
  A fire bat (Depths:1)
  A naga (Snake:4)
  7 wolves (IceCv)
  A worker ant (D:5)
  9 fungi
  A lurking horror (WizLab)
  23 plants
  8 tentacles
  7 toadstools (D:3)
  A withered plant (D:13)
66 creatures vanquished.

Grand Total: 2387 creatures vanquished

Notes
Turn   | Place    | Note
-------+----------+-------------------------------------------
     0 | D:1      | xccam the Minotaur Berserker began the quest for the Orb.
     0 | D:1      | Reached XP level 1. HP: 19/19 MP: 0/0
   350 | D:1      | Reached XP level 2. HP: 26/26 MP: 1/1
   528 | D:1      | Reached skill level 5 in Axes
   528 | D:1      | Reached XP level 3. HP: 21/31 MP: 2/2
   564 | D:1      | Reached ** piety under Trog
  1336 | D:2      | Reached XP level 4. HP: 28/39 MP: 3/3
  1815 | D:3      | Reached *** piety under Trog
  1926 | D:3      | Found a faded altar of an unknown god.
  1973 | D:3      | Noticed Sigmund
  1982 | D:3      | Killed Sigmund
  1982 | D:3      | Reached XP level 5. HP: 43/45 MP: 4/4
  2169 | D:3      | Reached XP level 6. HP: 51/51 MP: 5/5
  3464 | D:4      | Reached XP level 7. HP: 49/57 MP: 6/6
  3596 | D:4      | Found a stormy altar of Qazlal.
  3604 | D:4      | Reached **** piety under Trog
  3610 | D:4      | Reached skill level 5 in Armour
  3889 | D:5      | Entered Level 5 of the Dungeon
  4126 | D:5      | Reached skill level 5 in Dodging
  4391 | D:5      | Found a shimmering blue altar of Sif Muna.
  4423 | D:5      | Noticed Pikel
  4446 | D:5      | Killed Pikel
  4446 | D:5      | Reached skill level 6 in Fighting
  4446 | D:5      | Reached XP level 8. HP: 70/71 MP: 7/7
  5188 | D:6      | Found a staircase to the Ecumenical Temple.
  5221 | D:6      | Found Huasmuef's Weapon Shop.
  5222 | D:6      | Noticed Edmund
  5228 | D:6      | Killed Edmund
  5271 | D:6      | Reached skill level 10 in Axes
  5353 | D:6      | Bought a +0 broad axe for 48 gold pieces
  5387 | D:6      | Found a snail-covered altar of Cheibriados.
  5418 | D:6      | Noticed Menkaure
  5424 | D:6      | Killed Menkaure
  5595 | D:6      | Found Pait's Weapon Emporium.
  5604 | D:6      | Bought a +1 broad axe of electrocution for 238 gold pieces
  5644 | D:6      | Found Supimp's Armour Boutique.
  5672 | D:6      | Found a runed translucent door.
  5673 | D:6      | Noticed Crazy Yiuf
  5678 | D:6      | Killed Crazy Yiuf
  5765 | D:6      | Found Lipomen's Antique Armour Shoppe.
  5953 | D:7      | Reached XP level 9. HP: 72/78 MP: 8/8
  6165 | D:7      | Noticed Duvessa
  6165 | D:7      | Noticed Dowan
  6168 | D:7      | Killed Dowan
  6179 | D:7      | Killed Duvessa
  7557 | D:9      | Noticed a troll
  7562 | D:9      | Killed a troll
  7562 | D:9      | Reached XP level 10. HP: 68/84 MP: 9/9
  7678 | D:9      | Noticed Erolcha
  7683 | D:9      | Killed Erolcha
  7683 | D:9      | Reached skill level 15 in Axes
  7755 | D:9      | Reached ***** piety under Trog
  8114 | D:10     | Entered Level 10 of the Dungeon
  8185 | D:10     | Noticed an orange demon
  8188 | D:10     | Noticed a sixfirhy
  8196 | D:10     | HP: 3/126 [orange demon[a kobold demonologist] (5)]
  8455 | D:10     | Noticed an ogre mage
  8467 | D:10     | Found a runed translucent door.
  8474 | D:10     | Killed an ogre mage
  8474 | D:10     | Reached XP level 11. HP: 85/91 MP: 10/10
  8479 | D:10     | Noticed a two-headed ogre
  8486 | D:10     | Found a runed translucent door.
  8496 | D:10     | Killed a two-headed ogre
  8498 | D:10     | Killed an unseen horror
  8636 | D:10     | Noticed Joseph
  8638 | D:10     | Reached skill level 7 in Fighting
  8644 | D:10     | Killed Joseph
  8889 | D:10     | Received a gift from Trog
  9044 | D:10     | Noticed a two-headed ogre
  9048 | D:10     | Killed a two-headed ogre
  9193 | D:10     | Found a staircase to the Orcish Mines.
  9347 | D:11     | Reached skill level 8 in Fighting
  9526 | D:11     | Noticed a seven-headed hydra
  9535 | D:11     | Killed a ten-headed hydra
  9569 | D:11     | Found a shattered altar of Ashenzari.
  9962 | D:11     | Found a staircase to the Lair.
  9962 | D:11     | Noticed a death yak
  9963 | D:11     | Noticed a death yak
  9964 | D:11     | Noticed a death yak
  9970 | D:11     | Killed a death yak
  9970 | D:11     | Reached skill level 9 in Fighting
  9970 | D:11     | Reached XP level 12. HP: 93/104 MP: 11/11
  9977 | D:11     | Killed a death yak
  9982 | D:11     | Killed a death yak
 10527 | D:12     | Reached skill level 10 in Fighting
 10535 | D:12     | Noticed Maurice
 10565 | D:12     | Found a frozen archway.
 10572 | D:12     | Killed Maurice
 10628 | IceCv    | Entered an ice cave
 11194 | IceCv    | Reached skill level 10 in Armour
 11470 | IceCv    | Noticed a death yak
 11484 | IceCv    | Reached skill level 11 in Fighting
 11500 | IceCv    | Killed a death yak
 11500 | IceCv    | Received a gift from Trog
 11668 | IceCv    | Noticed a frost giant
 11687 | IceCv    | Killed a frost giant
 11687 | IceCv    | Reached XP level 13. HP: 116/116 MP: 12/12
 11694 | IceCv    | Reached skill level 10 in Dodging
 12688 | D:13     | Noticed a ghoul
 12700 | D:13     | Killed a ghoul
 12700 | D:13     | Reached skill level 12 in Fighting
 13634 | D:13     | Found a gate to the Vaults.
 13917 | D:13     | Reached skill level 13 in Fighting
 14186 | D:13     | Noticed a ghoul
 14195 | D:13     | Killed a ghoul
 14346 | D:13     | Reached XP level 14. HP: 105/129 MP: 13/13
 14667 | D:13     | Noticed a frost giant
 14676 | D:13     | Killed a frost giant
 14993 | D:14     | Noticed Jorgrun
 15008 | D:14     | Killed Jorgrun
 15573 | D:14     | Noticed Louise
 15586 | D:14     | Killed Louise
 15601 | D:14     | Reached skill level 14 in Fighting
 15846 | D:15     | Entered Level 15 of the Dungeon
 15855 | D:15     | Reached skill level 1 in Shields
 16538 | D:15     | Reached skill level 5 in Shields
 16627 | D:15     | Received a gift from Trog
 16861 | D:15     | Noticed an emperor scorpion
 16885 | D:15     | Killed an emperor scorpion
 16900 | D:15     | Found a staircase to the Depths.
 17350 | Lair:1   | Entered Level 1 of the Lair of Beasts
 18246 | Lair:1   | Got a scorched tower shield
 18257 | Lair:1   | Identified the +3 tower shield of Brilliance {*Corrode rC+
                  | Dex+2} (You found it on level 1 of the Lair of Beasts)
 19046 | Lair:2   | Found a staircase to the Snake Pit.
 19185 | Lair:2   | Reached skill level 10 in Shields
 19483 | Lair:3   | Received a gift from Trog
 19834 | Lair:3   | Noticed Nergalle
 19845 | Lair:3   | Killed Nergalle
 19886 | Lair:3   | Reached XP level 15. HP: 132/138 MP: 14/14
 20059 | Lair:3   | Found a staircase to the Shoals.
 20810 | Lair:4   | Got a pair of pitted boots
 20825 | Lair:4   | Identified the +0 pair of boots of Yredelemnul's Hatred
                  | {rF- Str+5 Dex+4} (You found it on level 4 of the Lair of
                  | Beasts)
 21951 | Lair:5   | Noticed Kirke
 21961 | Lair:5   | Killed Kirke
 22403 | Lair:6   | Entered Level 6 of the Lair of Beasts
 22531 | Lair:6   | Identified a scroll of acquirement
 22719 | Lair:6   | Found a viscous altar of Jiyva.
 22719 | Lair:6   | Found a staircase to the Slime Pits.
 22834 | Lair:6   | Received a gift from Trog
 23238 | Lair:6   | Reached skill level 15 in Fighting
 23686 | Lair:6   | Reached skill level 15 in Shields
 24035 | Orc:1    | Entered Level 1 of the Orcish Mines
 24055 | Orc:1    | Found a dark tunnel.
 24196 | Volcano  | Entered a volcano
 24239 | Volcano  | Reached skill level 16 in Fighting
 24625 | Orc:2    | Entered Level 2 of the Orcish Mines
 24625 | Orc:2    | Noticed Urug
 24634 | Orc:2    | Killed Urug
 24651 | Orc:2    | Reached XP level 16. HP: 154/154 MP: 15/15
 24670 | Orc:2    | Reached skill level 17 in Fighting
 25157 | Orc:2    | Found a roughly hewn altar of Beogh.
 25373 | Orc:2    | Found a staircase to the Elven Halls.
 25459 | Orc:2    | Received a gift from Trog
 25459 | Orc:2    | Noticed Saint Roka
 25484 | Orc:2    | Killed Saint Roka
 25484 | Orc:2    | Reached skill level 18 in Fighting
 25493 | Orc:2    | Found a roughly hewn altar of Beogh.
 25493 | Orc:2    | Found Ziuqedil's Antique Armour Emporium.
 25498 | Orc:2    | Found Nora's Antique Weapon Shoppe.
 25973 | Orc:2    | Found a roughly hewn altar of Beogh.
 25974 | Orc:2    | Reached ****** piety under Trog
 25984 | Orc:2    | Found Vigaef's Jewellery Shop.
 25990 | Orc:2    | Bought the ring "Goumy" {rC+ AC+4 Dex+4} for 642 gold
                  | pieces
 26068 | Orc:2    | Found a roughly hewn altar of Beogh.
 26085 | Orc:2    | Found Dozojuam's General Store.
 26092 | Orc:2    | Bought the +5 pair of gloves of Kikubaaqudgha's Scorn {rN+
                  | MR+ Regen+} for 648 gold pieces
 26130 | Elf:1    | Entered Level 1 of the Elven Halls
 26148 | Elf:1    | Found a radiant altar of Vehumet.
 26252 | Elf:1    | Reached skill level 19 in Fighting
 26819 | Elf:1    | Received a gift from Trog
 26822 | Elf:1    | Identified the +11 war axe of Innocence {vorpal, rF+ rN+}
                  | (Trog gifted it to you on level 1 of the Elven Halls)
 27327 | Elf:2    | Noticed Roxanne
 27355 | Elf:2    | Found Xifyneu's Antique Weapon Emporium.
 27445 | Elf:2    | Killed Roxanne
 27459 | Elf:2    | Identified the cursed +0 battleaxe of Irrepressible
                  | Laughter {venom, MR+ Int+8 Dex-5}
 27490 | Elf:2    | Found Qeliame's Distillery.
 27495 | Elf:2    | Bought a potion of curing for 45 gold pieces
 27495 | Elf:2    | Bought 2 potions of curing for 90 gold pieces
 27495 | Elf:2    | Bought a potion of heal wounds for 75 gold pieces
 27555 | Elf:2    | Found Memp's Assorted Antiques.
 27564 | Elf:2    | Bought a scroll of teleportation for 78 gold pieces
 27621 | Elf:2    | Found a huge runed translucent gate.
 27621 | Elf:2    | Found a huge runed translucent gate.
 27621 | Elf:2    | Found a huge runed translucent gate.
 27621 | Elf:2    | Found a huge runed translucent gate.
 27621 | Elf:2    | Found a huge runed translucent gate.
 27696 | Elf:2    | Found Tiuchav's Antique Armour Shoppe.
 27861 | Elf:2    | Received a gift from Trog
 27868 | Elf:2    | Reached skill level 15 in Armour
 27890 | Elf:2    | Reached XP level 17. HP: 66/170 MP: 16/16
 28203 | Elf:2    | Noticed Asterion
 28205 | Elf:2    | Noticed a deep elf blademaster
 28218 | Elf:2    | Killed Asterion
 28218 | Elf:2    | Reached skill level 20 in Fighting
 28223 | Elf:2    | Killed a deep elf blademaster
 28379 | Elf:3    | Entered Level 3 of the Elven Halls
 28424 | Elf:3    | Found a portal to a secret trove of treasure.
 28834 | Elf:3    | Noticed a deep elf blademaster
 28853 | Elf:3    | Killed a deep elf blademaster
 28865 | Elf:3    | Received a gift from Trog
 28875 | Elf:3    | Reached skill level 15 in Dodging
 28902 | Elf:3    | Noticed a Hell Sentinel
 28931 | Elf:3    | Noticed an Ice Fiend
 29019 | Elf:3    | Got a transparent silver ring
 29020 | Elf:3    | Identified the ring of the Leaf {+Fly Int+7 Dex+2 Stlth+}
                  | (You found it on level 3 of the Elven Halls)
 29052 | Elf:3    | Noticed a Brimstone Fiend
 29070 | Elf:3    | Noticed a Brimstone Fiend
 29215 | Elf:3    | Identified the cursed +1 leather armour of Disguise {Int+3}
 29262 | Elf:3    | Found the +8 frozen axe "Frostbite" {freezing cloud, *Noise
                  | +Fly rC+}
 29587 | Elf:3    | Received a gift from Trog
 29629 | Elf:3    | Noticed Mara
 29637 | Elf:3    | Noticed xccam's illusion
 29649 | Elf:3    | Noticed xccam's illusion
 29655 | Elf:3    | Killed Mara
 29655 | Elf:3    | Reached skill level 1 in Evocations
 29655 | Elf:3    | Reached XP level 18. HP: 151/180 MP: 13/18
 29875 | Snake:1  | Entered Level 1 of the Snake Pit
 29901 | Snake:1  | You fall into a shaft and drop 1 floor!
 29938 | Snake:2  | Noticed Agnes
 29956 | Snake:2  | Killed Agnes
 31251 | Snake:3  | Received a gift from Trog
 31750 | Snake:4  | Entered Level 4 of the Snake Pit
 32303 | Snake:4  | Received a gift from Trog
 32377 | Snake:4  | Reached skill level 5 in Evocations
 32449 | Snake:4  | Reached XP level 19. HP: 188/188 MP: 21/21
 32635 | Snake:4  | Got a serpentine rune of Zot
 33212 | Shoals:1 | Entered Level 1 of the Shoals
 33448 | Shoals:1 | Received a gift from Trog
 34245 | Shoals:2 | Reached skill level 21 in Fighting
 34392 | Shoals:2 | Found Vosujob's Antique Armour Boutique.
 35081 | Shoals:3 | Received a gift from Trog
 35327 | Shoals:4 | Entered Level 4 of the Shoals
 35635 | Shoals:4 | Got a barnacled rune of Zot
 36014 | Shoals:4 | Got a coiled ivory amulet
 36015 | Shoals:4 | Identified the amulet of Xouleeni {Inacc rElec Stlth+} (You
                  | found it on level 4 of the Shoals)
 36363 | Vaults:1 | Entered Level 1 of the Vaults
 36456 | Vaults:1 | Received a gift from Trog
 36456 | Vaults:1 | Reached XP level 20. HP: 198/198 MP: 23/23
 36632 | Vaults:1 | Found Mufen's General Store.
 36640 | Vaults:1 | Bought a potion of heal wounds for 65 gold pieces
 37585 | Vaults:2 | Received a gift from Trog
 38164 | Vaults:2 | Found the +3 crown of Dyrovepreva {rElec Int+2 SInv}
 38397 | Vaults:2 | Received a gift from Trog
 39579 | Vaults:3 | Reached XP level 21. HP: 204/204 MP: 24/24
 39782 | Vaults:3 | Received a gift from Trog
 39990 | Vaults:3 | Found a staircase to the Crypt.
 40414 | Vaults:4 | Found a magical portal.
 40447 | WizLab   | Entered The Roulette of Golubria
 40447 | WizLab   | Found a transporter.
 40452 | WizLab   | Found a corrupted altar of Lugonu.
 40474 | WizLab   | Found a transporter.
 40474 | WizLab   | Found a transporter.
 40514 | WizLab   | Found a transporter.
 40644 | WizLab   | Found a transporter.
 40654 | WizLab   | Found a transporter.
 40670 | WizLab   | Found a transporter.
 40697 | WizLab   | Found a transporter.
 40715 | WizLab   | Found a transporter.
 40748 | WizLab   | Found a transporter.
 40773 | WizLab   | Found a transporter.
 41017 | WizLab   | Found a transporter.
 41017 | WizLab   | Found a transporter.
 41092 | WizLab   | Found a transporter.
 41092 | WizLab   | Found a transporter.
 41129 | WizLab   | Found a transporter.
 41129 | WizLab   | Found a transporter.
 41157 | WizLab   | Identified Golubria's Guide on the Traveller
 41162 | WizLab   | Found a corrupted altar of Lugonu.
 41247 | WizLab   | Identified the +2 cloak "Ogusoe" {-Cast Harm rElec rCorr
                  | Dex+3} (You found it in a wizard's laboratory)
 41282 | WizLab   | Found a transporter.
 41290 | WizLab   | Received a gift from Trog
 41627 | Vaults:4 | Found Fugapteg's Antique Weapon Boutique.
 42370 | Vaults:3 | Got a scintillating silver ring
 42371 | Vaults:3 | Identified the ring "Judidump" {rC+ rN+ rCorr Dex-3} (You
                  | found it on level 3 of the Vaults)
 42387 | Vaults:5 | Entered Level 5 of the Vaults
 42390 | Vaults:5 | Noticed an ancient lich
 42530 | Vaults:5 | Killed an ancient lich
 42543 | Vaults:5 | Noticed an ancient lich
 42567 | Vaults:5 | Received a gift from Trog
 42571 | Vaults:5 | Reached XP level 22. HP: 84/213 MP: 5/25
 42587 | Vaults:5 | Noticed an ancient lich
 42603 | Vaults:5 | Killed an ancient lich
 42782 | Vaults:5 | Got a warped hat
 42793 | Vaults:5 | Identified the cursed +0 hat "Duust" {rCorr Stlth+} (You
                  | found it on level 5 of the Vaults)
 42934 | Vaults:5 | Killed an ancient lich
 43157 | Vaults:5 | Noticed an ancient lich
 43178 | Vaults:5 | Killed an ancient lich
 43181 | Vaults:5 | Received a gift from Trog
 43197 | Vaults:5 | Reached skill level 22 in Fighting
 43369 | Vaults:5 | Received a gift from Trog
 43373 | Vaults:5 | Noticed Bai Suzhen
 43384 | Vaults:5 | Killed Bai Suzhen
 43394 | Vaults:5 | Reached XP level 23. HP: 131/224 MP: 13/26
 43678 | Vaults:5 | Got a silver rune of Zot
 44379 | Depths:1 | Entered Level 1 of the Depths
 44381 | Depths:1 | Found a one-way gate to the infinite horrors of the Abyss.
 44505 | Depths:1 | You fall into a shaft and drop 1 floor!
 44687 | Depths:2 | Received a gift from Trog
 44707 | Depths:1 | Reached skill level 23 in Fighting
 45216 | Depths:1 | Found Ytwudd's Book Shop.
 45216 | Depths:1 | Found Moxtumn's Food Boutique.
 45312 | Depths:1 | Found a one-way gate leading to the halls of Pandemonium.
 45401 | Depths:1 | Found a gateway to Hell.
 45667 | Depths:2 | Found a burning altar of Makhleb.
 45667 | Depths:2 | Found a white marble altar of Elyvilon.
 45874 | Depths:2 | Found a shadowy altar of Dithmenos.
 46219 | Depths:2 | Received a gift from Trog
 46219 | Depths:2 | Reached XP level 24. HP: 235/237 MP: 25/26
 46362 | Depths:2 | Identified the Handbook of Calling and the Rocks
 46435 | Depths:2 | Got the +0 pair of boots of Understanding {rF++ Str+3}
 47172 | Depths:3 | Reached skill level 24 in Fighting
 47270 | Depths:3 | Found a gateway to a ziggurat.
 47403 | Depths:3 | Received a gift from Trog
 48156 | Depths:4 | Noticed Mennas
 48185 | Depths:4 | Killed Mennas
 48340 | Depths:4 | Received a gift from Trog
 48477 | Depths:4 | Found a glowing silver altar of Zin.
 48640 | Depths:4 | Noticed Margery
 48674 | Depths:4 | Killed Margery
 49148 | Depths:5 | Entered Level 5 of the Depths
 49164 | Depths:5 | Noticed Xtahua
 49189 | Depths:5 | Killed Xtahua
 49189 | Depths:5 | Reached XP level 25. HP: 248/248 MP: 24/26
 49406 | Depths:5 | Received a gift from Trog
 49419 | Depths:5 | Reached skill level 25 in Fighting
 49499 | Depths:4 | Found a hide-covered altar of Uskayaw.
 49976 | Depths:5 | Found a gate to the Realm of Zot.
 50621 | Zot:1    | Entered Level 1 of the Realm of Zot
 50749 | Zot:1    | Received a gift from Trog
 51414 | Zot:2    | Reached skill level 26 in Fighting
 51433 | Zot:2    | Reached XP level 26. HP: 238/261 MP: 25/26
 51668 | Zot:2    | Found a transporter.
 51671 | Zot:2    | Noticed Jofris Vesimp's ghost (legendary GnFE)
 51672 | Zot:2    | Noticed an orb of fire
 51690 | Zot:2    | Found a transporter.
 52373 | Zot:3    | Received a gift from Trog
 53761 | Zot:4    | Reached skill level 27 in Fighting
 53968 | Zot:4    | Received a gift from Trog
 53988 | Zot:4    | Reached XP level 27. HP: 273/273 MP: 26/26
 54584 | Zot:5    | Entered Level 5 of the Realm of Zot
 55224 | Zot:5    | Noticed an ancient lich
 55227 | Zot:5    | Noticed an ancient lich
 55232 | Zot:5    | Killed an ancient lich
 55237 | Zot:5    | Noticed an orb of fire
 55240 | Zot:5    | Killed an ancient lich
 55242 | Zot:5    | Noticed an ancient lich
 55245 | Zot:5    | Noticed an ancient lich
 55252 | Zot:5    | Noticed an ancient lich
 55252 | Zot:5    | Noticed an orb of fire
 55252 | Zot:5    | Gained mutation: You are dopey. (Int -2) [an orb of fire]
 55253 | Zot:5    | Noticed an ancient lich
 55254 | Zot:5    | Noticed an orb of fire
 55264 | Zot:5    | Killed an ancient lich
 55267 | Zot:5    | Killed an ancient lich
 55267 | Zot:5    | Received a gift from Trog
 55267 | Zot:5    | Noticed an ancient lich
 55268 | Zot:5    | Killed an orb of fire
 55269 | Zot:5    | Gained mutation: You are clumsy. (Dex -2) [an orb of fire]
 55270 | Zot:5    | Gained mutation: You are partially covered in slimy green
                  | scales. (AC +2) [an orb of fire]
 55274 | Zot:5    | Gained mutation: Armour fits poorly on your strangely
                  | shaped body. [an orb of fire]
 55275 | Zot:5    | Killed an ancient lich
 55276 | Zot:5    | Noticed an ancient lich
 55278 | Zot:5    | Killed an orb of fire
 55279 | Zot:5    | Noticed an ancient lich
 55286 | Zot:5    | Noticed an ancient lich
 55287 | Zot:5    | Killed an ancient lich
 55289 | Zot:5    | Killed an ancient lich
 55296 | Zot:5    | Gained mutation: Potions are less effective at restoring
                  | your health. [an orb of fire]
 55297 | Zot:5    | Gained mutation: You are frail. (-10% HP) [an orb of fire]
 55299 | Zot:5    | Gained mutation: You are very frail. (-20% HP) [an orb of
                  | fire]
 55300 | Zot:5    | Gained mutation: You are weak. (Str -2) [an orb of fire]
 55303 | Zot:5    | Killed an ancient lich
 55305 | Zot:5    | Killed an orb of fire
 55318 | Zot:5    | Killed an ancient lich
 55321 | Zot:5    | Mangled by an Orb Guardian

Illustrated notes

Levels and vault maps discovered:
D:1:      sevenhm_arrival_forest_fort_small_3, layout_rooms, st_stairs_10,
          chequers_jeans
D:2:      layout_rooms
D:3:      cheibrodos_fertilizer, layout_loops_ring,
          chequers_ecumenical_altar_lobes, first_ration, uniq_sigmund
D:4:      layout_cave_pools, lemuel_round_altar
D:5:      layout_loops_corners, lemuel_blue_sif_altar, uniq_pikel
D:6:      layout_basic, minmay_temple_entry_tees, serial_shops,
          kennysheep_little_box, shop, nicolae_shop_competitors_out_of_business,
          kennysheep_mini_moat, cheibrodos_worm_habitat,
          uniq_crazy_yiuf_cottage, uniq_menkaure, uniq_edmund
D:7:      cheibrodos_helix_gallery, layout_cave_pools, hangedman_decor_lopped,
          uniq_duvessa
D:8:      layout_basic
D:9:      layout_basic, uniq_erolcha
D:10:     minmay_the_grid_four_pointed_star_mashed
          [minmay_the_grid_triangle_9x9_tough_junction,
          minmay_the_grid_triangle_9x9_warning,
          minmay_the_grid_triangle_9x9_empty,
          minmay_the_grid_triangle_9x9_alien, minmay_the_grid_prize_big_room],
          layout_gridville, orc_0_dummy, uniq_joseph
D:11:     layout_long_grid, dpeg_lair_monsters, blue_anna_alchemist
          [blue_anna_fruit_fields, blue_anna_fruit_fields],
          evilmike_ruin_ashenzari
D:12:     layout_basic, portal_ice_cave_entry_imps, uniq_maurice
D:13:     layout_basic, hangedman_vaults_entry_quadrant_bands, serial_undead,
          serial_undead_f, serial_undead_c, serial_undead_f, serial_undead_d,
          kennysheep_just_a_vault
D:14:     layout_cave_pools, uniq_louise, uniq_jorgrun
D:15:     hangedman_depths_entry_try_elsewhere_first, layout_rooms,
          serial_bayou_pond_a
Lair:1:   layout_roguey, minmay_lair_oklob_chamber, grunt_megastairs_2
Lair:2:   layout_regular_city, minmay_snake_entry_guardpost_small, minivault_27,
          minmay_stone_trees_small, pond
Lair:3:   layout_layer_cave, minmay_shoals_entry_hut, st_stairs_9,
          grunt_forest_large_clearing_hut, uniq_nergalle
Lair:4:   layout_gridlike, chequers_serial_rivers_large_a
Lair:5:   layout_regular_city, infiniplex_staircase_pool_2, uniq_kirke
Lair:6:   gammafunk_lair_ancient_temple, layout_regular_city, slime_altar_1
Shoals:1: layout_shoals
Shoals:2: layout_shoals, serial_shops, shop,
          nicolae_shoals_water_elemental_grotto
Shoals:3: layout_shoals
Shoals:4: shoals_end_hangedman, layout_shoals
Snake:1:  layout_layer_cave, serial_shops, nicolae_shop_overgrown_old_shop
Snake:2:  layout_cave_shapes, drop_trap, uniq_agnes
Snake:3:  layout_cave_town, nicolae_snake_salamander_stairs
Snake:4:  grunt_snake_rune_pools, layout_gridlike
Orc:1:    layout_caves, nicolae_volcano_entry_two_sided
Orc:2:    grunt_orc_community_town_hall, layout_caves,
          grunt_orc_community_big_house_2, grunt_orc_community_big_house_2,
          grunt_orc_community_house_1, grunt_orc_community_house_3,
          grunt_orc_community_house_2, grunt_orc_community_house_3,
          grunt_orc_community_house_2, uniq_urug
Elf:1:    eino_elf_arrival_altar, layout_loops_cross, hangedman_elf_disciples,
          laboratory
Elf:2:    layout_geoelf_grid, serial_shops, nicolae_shop_stone, shop, shop,
          nicolae_shop_trees, uniq_roxanne, uniq_asterion
Elf:3:    minmay_elf_hall_spiked, layout_geoelf_octagon, enter_trove_2,
          uniq_mara
Vaults:1: grunt_vaults_hallway_short, v_misc_14, v_alt_pattern_4, serial_ice_h,
          v_misc_17, nicolae_vaults_little_squares_4, v_alt_pattern_3,
          ontoclasm_vaults_chip, layout_vaults_quadrants, serial_shops, shop
Vaults:2: hangedman_vaults_trim, vaults_room_stairs_pillars, v_misc_24,
          ontoclasm_vaults_decontamination, dpeg_vaults_monster_row,
          ontoclasm_vaults_spin, grunt_vaults_bifocal, grunt_vaults_funnel,
          vaults_dpeg_encased_lava, nicolae_vaults_network_star, v_misc_29,
          vaults_room_pool, nicolae_vaults_ring_of_whatevers, st_lattice,
          vaults_room_hallway, layout_vaults_omnibox
Vaults:3: hangedman_vaults_unwind, vaults_room_ringed_pool,
          minmay_crypt_entry_nasty_monster, vaults_room_fours,
          ontoclasm_vaults_gateway, v_pattern_1, vaults_dpeg_cross,
          vaults_room_corners, nicolae_vaults_windows_and_doors_thing,
          vaults_dpeg_ring, hangedman_vaults_corner_blocks,
          nicolae_vaults_bisected_slash, v_misc_9,
          nicolae_vaults_little_squares_3, layout_vaults_big_room
Vaults:4: vaults_dpeg_hooks, nicolae_vaults_three_branches, vaults_room_grid,
          nicolae_vaults_hallways_thing, ontoclasm_vaults_tryst,
          hangedman_vaults_hat, v_rooms_5, nicolae_vaults_little_squares_6,
          nicolae_vaults_circle_grid_b, nicolae_vaults_sealed_display,
          vaults_room_hallway, layout_vaults_maze_snakey,
          lightli_enter_wizlab_magi_temple, serial_shops, shop
Vaults:5: uniq_bai_suzhen
Depths:1: layout_big_octagon, kennysheep_pointless_box, abyss_entry,
          grunt_pan_entry_spiral, hellmouth_1, chequers_hall_statues_wall_a,
          minivault_16, minmay_fractal_squares_diagonal_5, minmay_shoptagon
Depths:2: hangedman_slaughterboxes, abyss_entry, hell_entry
Depths:3: minmay_imperfect_grid, layout_gridville, enter_ziggurat_e,
          hangedman_tar_grid_catacomb, minmay_misc_feat_alley, pan_entry,
          infiniplex_staircase_pillars_1
Depths:4: regret_index_uskayaw_diablada_macabre, layout_basic, grunt_metal_band,
          abyss_entry, corexii_leaking_fountain, kennysheep_small_circle,
          minmay_staircase_bubble, uniq_mennas
Depths:5: lemuel_castle_with_subvaults [lemuel_castle_interior_carwin_3],
          layout_cave_pools, chequers_serial_rivers_marsh,
          grunt_hell_entry_dis_grunt, uniq_xtahua
Zot:1:    layout_misc_corridors, st_stairs_6, zot_minivault_1
Zot:2:    layout_onion_interference, gammafunk_ghost_arena, zot_minivault_3
Zot:3:    layout_gridlike
Zot:4:    layout_basic, grunt_megastairs_3
Zot:5:    layout_cathedral_of_symmetry

Skill      XL: |  1  2  3  4  5  6  7  8  9 10 11 12 13 14 15 16 17 18 19 20 21 22 23 24 25 26 27 |
---------------+----------------------------------------------------------------------------------+-----
Axes           | 4 5 6 8 10 14 17 18 19 20 22 | 22.0
Armour         | 4 6 8 10 12 13 15 16 17 18 20 21 22 24 25 26 | 26.7
Dodging        | 4 5 7 9 11 12 13 15 16 17 18 19 21 22 23 24 | 24.9
Fighting       | 6 9 11 13 14 16 19 20 21 22 23 24 26 27 | 27.0
Shields        | 10 15 16 17 21 24 25 | 25.0
Evocations     | 1 5 6 |  6.0

Action                   |  1- 3 |  4- 6 |  7- 9 | 10-12 | 13-15 | 16-18 | 19-21 | 22-24 | 25-27 || total
-------------------------+-------+-------+-------+-------+-------+-------+-------+-------+-------++-------
Melee: Hand axe          |    93 |   130 |    84 |       |       |       |       |       |       ||   307
       Headbutt          |    17 |    23 |    56 |    70 |   213 |   267 |   419 |   428 |   373 ||  1866
       War axe           |       |       |    51 |       |       |       |       |       |       ||    51
       Broad axe         |       |       |   157 |   414 |   970 |  1084 |  1496 |  1350 |  1074 ||  6545
Invok: Berserk           |     1 |     1 |     3 |     4 |    10 |     3 |       |     2 |     3 ||    27
       Trog's Hand       |       |     1 |     2 |    12 |    17 |     8 |     6 |     8 |     6 ||    60
Evoke: Wand              |       |       |       |     1 |    26 |     4 |       |       |     3 ||    34
  Use: Scroll            |       |       |     6 |    27 |    11 |    11 |    15 |     2 |    11 ||    83
       Potion            |       |       |     1 |       |     1 |     4 |     3 |     3 |     3 ||    15
 Stab: Distracted        |       |       |       |       |       |       |       |     2 |       ||     2
       Petrified         |       |       |       |       |       |       |       |       |     5 ||     5
       Confused          |       |       |       |       |       |       |       |       |     2 ||     2
       Petrifying        |       |       |       |       |       |       |       |       |     1 ||     1
  Eat: Chunk             |     2 |     9 |    16 |    17 |    45 |    25 |    26 |    19 |    23 ||   182
       Ration            |       |       |       |     1 |     4 |     2 |     3 |     2 |     2 ||    14
Armor: Animal skin       |    16 |    13 |       |       |       |       |       |       |       ||    29
       Chain mail        |       |       |   105 |   168 |   129 |       |       |       |       ||   402
       Ring mail         |       |       |     1 |       |       |       |       |       |       ||     1
       Plate armour      |       |       |       |       |   263 |   348 |   452 |   455 |   458 ||  1976
Dodge: Dodged            |    67 |    96 |   210 |   245 |   498 |   387 |   512 |   443 |   496 ||  2954
Block: Kite shield       |       |       |       |       |   274 |   677 |  1046 |   932 |       ||  2929
       Tower shield      |       |       |       |       |       |       |       |   109 |  1367 ||  1476
